 Dungeon Crawl Stone Soup version bcrawl-1.21.2-1-g32d02e0829 (webtiles) character file.

Game seed: 13703624274929123024

372 Mrkan the Ruffian (level 6, 0/59 HPs)
             Began as a Troll Fighter on Feb 19, 2020.
             Slain by a hound (4 damage)
             ... on level 4 of the Dungeon.
             The game lasted 00:03:24 (2381 turns).

Mrkan the Ruffian (Troll Fighter)                   Turns: 2381, Time: 00:03:25

Health: 0/59       AC:  6    Str: 27    XL:     6   Next: 43%
Magic:  5/5        EV:  9    Int:  5    God:
Gold:   60         SH:  9    Dex:  9    Spells: 5/5 levels left

rFire    . . .     SeeInvis .     - Unarmed
rCold    . . .     Gourm    +   a - +0 shield
rNeg     . . .     Faith    .   (armour unavailable)
rPois    .         Spirit   .   (helmet restricted)
rElec    .         Reflect  .   (no cloak)
rCorr    .         Harm     .   (gloves unavailable)
MR       .....                  (boots unavailable)
Stlth    +.........             (no amulet)
HPRegen  0.59/turn              (no ring)
MPRegen  0.09/turn              (no ring)

@: no status effects
A: large, almost no armour, unfitting armour, claws 3, fast metabolism 3,
gourmand, regeneration 1, AC +6
a: no special abilities


You were on level 4 of the Dungeon.
You were full.

You visited 1 branch of the dungeon, and saw 4 of its levels.

You collected 60 gold pieces.

Inventory:

Armour
 a - a +0 shield (worn)
Scrolls
 c - 2 scrolls of teleportation {unknown}
 d - 2 scrolls of enchant armour {unknown}
 f - a scroll of enchant weapon {unknown}
 j - 4 scrolls of remove curse {unknown}
 k - a scroll of immolation {unknown}
 l - 2 scrolls of amnesia {unknown}
 n - 2 scrolls of fear {unknown}
 p - 2 scrolls of identify {unknown}
 q - a scroll of blinking {unknown}
Potions
 b - 2 potions of might
 g - a potion of lignification {unknown}
 h - 3 potions of curing {unknown}
 i - a potion of heal wounds {unknown}
 m - a potion of invisibility {unknown}
 o - a potion of degeneration {unknown}
Comestibles
 e - 6 rations {!d}


   Skills:
 + Level 2.8 Fighting
 + Level 3.5 Dodging
 + Level 0.8 Stealth
 + Level 3.0 Shields
 + Level 4.4 Unarmed Combat


You had 5 spell levels left.
You didn't know any spells.
Your spell library contained the following spells:

 Spells                   Type           Power        Failure   Level  Hunger
 Shock                    Conj/Air       #....        88%         1    ##.....
 Swiftness                Chrm/Air       #.......     96%         2    ###....
 Static Discharge         Air            #.......     99%         3    ####...
 Airstrike                Air            #.........   100%        4    #####..
 Lightning Bolt           Conj/Air       #.........   100%        5    ######.


Dungeon Overview and Level Annotations

Branches:
Dungeon (4/12)
 Temple: D:4-7

Altars:
Ashenzari
Fedhas
Qazlal
Wu Jian
Xom
Zin


Innate Abilities, Weirdness & Mutations

You cannot wear most types of armour.
Your thick skin is tough. (AC +6)
You are too large for most types of armour.
You have claws for hands.
Your metabolism is lightning-fast.
You like to eat raw meat.
Your natural rate of healing is unusually fast.


Message History

Something hits you but does no damage.
You miss the hound.
The hound is almost dead.
The hound bites you.
* * * LOW HITPOINT WARNING * * *
You hear some strange, mumbled words.
A puff of flame appears from out of thin air!
The puff of flame hits you.
* * * LOW HITPOINT WARNING * * *
The leopard gecko bites you.
* * * LOW HITPOINT WARNING * * *
You block the hound's attack.
The leopard gecko hisses menacingly.
The hound completely misses you. Something hits you but does no damage.
The leopard gecko barely misses you.
Found a stone staircase leading up.
The hound bites you.
* * * LOW HITPOINT WARNING * * *
The hound bites you.
You die...

........# ........#
......<.# ........#####
...........%.###
...............##.......
.............#..##.....#
....##..@h.............##
.....###..l..............
#.....#####a..#.........#
#......oa)).............
#......###..............
...................).....
..####.........##.[......
# #..........<...)......
#....##..............#


You could see a hound, a worker ant and a leopard gecko.

Vanquished Creatures
  A scorpion (D:3)
  A crimson imp (D:3)
  An orc priest (D:3)
  3 orc wizards (D:4)
  Terence (D:3)
  Jessica (D:3)
  A worker ant (D:3)
  An adder (D:3)
  A worm (D:3)
  6 dart slugs
  4 leopard geckos
  12 orcs
  3 goblins (D:1)
  11 hobgoblins
  4 jackals (D:3)
  7 kobolds
  A quokka (D:2)
  7 bats (D:1)
  2 frilled lizards (D:1)
  3 rats
71 creatures vanquished.

Notes
Turn   | Place    | Note
-------+----------+-------------------------------------------
     0 | D:1      | Mrkan the Troll Fighter began the quest for the Orb.
     0 | D:1      | Reached XP level 1. HP: 22/22 MP: 0/0
   209 | D:1      | Reached XP level 2. HP: 29/29 MP: 1/1
   575 | D:1      | Reached XP level 3. HP: 33/36 MP: 2/2
   940 | D:2      | Found an ornate altar of the Wu Jian Council.
  1123 | D:2      | Found a faded altar of an unknown god.
  1263 | D:2      | Found a white marble altar of Elyvilon.
  1265 | D:2      | Found a glowing silver altar of Zin.
  1265 | D:2      | Found a shimmering altar of Xom.
  1267 | D:2      | Found a shimmering altar of Xom.
  1267 | D:2      | Found a stormy altar of Qazlal.
  1267 | D:2      | Found a shattered altar of Ashenzari.
  1343 | D:2      | Found a blossoming altar of Fedhas.
  1550 | D:3      | Found a shattered altar of Ashenzari.
  1617 | D:3      | Gained mutation: Your natural rate of healing is unusually
                  | fast. [Troll growth]
  1617 | D:3      | Reached XP level 4. HP: 37/44 MP: 3/3
  1695 | D:3      | Reached skill level 3 in Unarmed Combat
  1784 | D:3      | Reached XP level 5. HP: 50/50 MP: 4/4
  1994 | D:3      | Noticed Jessica
  1998 | D:3      | Killed Jessica
  2211 | D:3      | Noticed Terence
  2218 | D:3      | Killed Terence
  2218 | D:3      | Reached skill level 4 in Unarmed Combat
  2218 | D:3      | Reached XP level 6. HP: 59/59 MP: 5/5
  2381 | D:4      | Slain by a hound

Skill      XL: |  1  2  3  4  5  6 |
---------------+-------------------+-----
Dodging        | 3 |  3.5
Unarmed Combat | 3 4 |  4.4
Shields        | 3 |  3.0
Fighting       | |  2.8
Stealth        | |  0.8

Action                   |  1- 3 |  4- 6 || total
-------------------------+-------+-------++-------
Melee: Unarmed           |    86 |   113 ||   199
  Eat: Chunk             |     5 |     8 ||    13
       Ration            |     1 |       ||     1
Armor: Skin              |    30 |    43 ||    73
Dodge: Dodged            |    34 |    45 ||    79
Block: Shield            |    44 |    67 ||   111
